 Dungeon Crawl Stone Soup version 0.25.0-11-g1f837a76a1 (webtiles) character file.

Game seed: 6439062712340524868

46 Dirian the Shield-Bearer (level 3, -1/33 HPs)
             Began as a Minotaur Fighter on June 27, 2020.
             Killed from afar by Terence (8 damage)
             ... with a puff of flame
             ... on level 2 of the Dungeon.
             The game lasted 00:01:29 (1174 turns).

Dirian the Shield-Bearer (Minotaur Fighter)         Turns: 1174, Time: 00:01:30

Health: -1/33      AC:  7    Str: 21    XL:     3   Next: 46%
Magic:  2/2        EV:  7    Int:  5    God:
Gold:   52         SH:  9    Dex:  9    Spells: 2/2 levels left

rFire    . . .     SeeInvis .   a - +0 long sword
rCold    . . .     Gourm    .   c - +0 kite shield
rNeg     . . .     Faith    .   b - +0 scale mail
rPois    .         Spirit   .   (helmet restricted)
rElec    .         Reflect  .   (no cloak)
rCorr    .         Harm     .   (no gloves)
MR       .....                  (no boots)
Stlth    ..........             (no amulet)
HPRegen  0.11/turn              (no ring)
MPRegen  0.08/turn              (no ring)

@: no status effects
A: retaliatory headbutt, horns 2
a: no special abilities


You were on level 2 of the Dungeon.
You were not hungry.

You visited 1 branch of the dungeon, and saw 2 of its levels.

You collected 52 gold pieces.

Inventory:

Hand Weapons
 a - a +0 long sword (weapon)
Armour
 b - a +0 scale mail (worn)
 c - a +0 kite shield (worn)
Jewellery
 j - an uncursed ring of flight {unknown}
 k - a cursed ring of teleportation {unknown}
Scrolls
 f - a scroll of enchant armour {unknown}
 l - a scroll of remove curse {unknown}
Potions
 d - a potion of might
 h - 3 potions of curing {unknown}
 i - a potion of flight {unknown}
 m - a potion of heal wounds {unknown}
Comestibles
 e - a ration
 g - 2 chunks of flesh


   Skills:
 + Level 4.0 Fighting
 * Level 3.3 Long Blades
 + Level 4.1 Armour
 + Level 4.2 Shields


You had 2 spell levels left.
You didn't know any spells.
Your spell library was empty.

Dungeon Overview and Level Annotations

Branches:
Dungeon (2/15)

Altars:
Okawaru

Annotations:
D:2 1 runed translucent door, Crazy Yiuf, Terence


Innate Abilities, Weirdness & Mutations

You reflexively headbutt those who attack you in melee.
You have a pair of horns on your head.


Message History

Terence zaps a wand.
The puff of flame hits you.
You barely miss Terence. Your headbutt misses Terence.
Terence is heavily wounded.
Terence hits you but does no damage.
You hit Terence but do no damage.
Terence is heavily wounded.
Terence hits you with a +0 trident.
You hit Terence but do no damage.
Terence is heavily wounded.
Terence shouts, "DIE!!!"
Terence zaps a wand.
The puff of flame hits you. Terence hits you with a +0 trident.
* * * LOW HITPOINT WARNING * * *
You hit Terence. Your headbutt misses Terence.
Terence is severely wounded.
Terence closely misses you. You furiously retaliate!
You headbutt Terence. You closely miss Terence.
Terence is almost dead.
Terence zaps a wand.
The puff of flame hits you!
You die...

######### #.......###
###@#####.#.. ##### #...@.# #.#>#
#...####.###<# #.#.# ####
#.#.@.@..# #.# #.#.# ...#
#...####.###.# #.#.#
.#.####.#####.....###.#.#######
...@..@.##.....#..............#
.#.######.........#.....#####.#
##..............#.#.#.#.#####.###
##### ##.....###................


You could see Terence.

Vanquished Creatures
  An adder (D:1)
  A worm (D:2)
  A dart slug (D:2)
  8 goblins
  A quokka (D:2)
  4 bats
  4 frilled lizards
  11 kobolds
  4 rats
35 creatures vanquished.

Notes
Turn   | Place    | Note
-------+----------+-------------------------------------------
     0 | D:1      | Dirian the Minotaur Fighter began the quest for the Orb.
     0 | D:1      | Reached XP level 1. HP: 19/19 MP: 0/0
   379 | D:1      | Reached XP level 2. HP: 27/27 MP: 1/1
   479 | D:1      | Found an iron altar of Okawaru.
   783 | D:2      | Reached XP level 3. HP: 25/33 MP: 2/2
   915 | D:2      | Found a runed translucent door.
   916 | D:2      | Noticed Crazy Yiuf
   959 | D:2      | Found a faded altar of an unknown god.
   975 | D:2      | Noticed Terence
  1174 | D:2      | Killed from afar by Terence

Illustrated notes

Levels and vault maps discovered:
D:1:      minmay_arrival_stair_chambers, layout_loops_cross, serial_rivers,
          chequers_serial_rivers_marsh, chequers_serial_rivers_room_b,
          chequers_serial_rivers_micro_b, chequers_serial_rivers_micro_a,
          st_stairs_1, kennysheep_flooded_box, minmay_hexomino_f4
D:2:      layout_loops_ring, old_standard_altar, minitemple,
          chequers_ecumenical_altar_simple, uniq_natasha, uniq_terence,
          uniq_crazy_yiuf_cottage

Skill      XL: |  1  2  3 |
---------------+----------+-----
Armour         | 4 |  4.1
Shields        | 4 |  4.2
Long Blades    | 3 |  3.3
Fighting       | 4 |  4.0

Action                   || total
-------------------------++-------
Melee: Long sword        ||    93
       Headbutt          ||     8
  Eat: Chunk             ||     1
Armor: Scale mail        ||    42
Dodge: Dodged            ||    32
Block: Kite shield       ||    61
       Rpst.: Long sword ||     9
